groovejumper, neutral female human Wizard ----------- |.........- |.........| # #------ -...ff@...-##########|...<-# ----------- #.....| |...(| ------ groovejumper the Thaumaturge Experience level: 7 Strength: 7 Dexterity: 13 Constitution: 14 Intelligence: 18 Wisdom: 13 Charisma: 10 Health: 0(59) Energy: 59(75) AC: 8 Gold: 57 Moves: 2616 Your Inventory: Coins $ - 57 gold pieces Weapons a - a blessed +1 quarterstaff (weapon in hands) Armor C - an [uncursed] +1 pair of elven boots (being worn) R - an uncursed +1 cloak of magic resistance S - an [uncursed] +0 studded leather armor Comestibles Y - an [uncursed] food ration Rings u - an uncursed ring of slow digestion (on right hand) Tools b - an uncursed oilskin sack Contents of the oilskin sack: 139 gold pieces an [uncursed] banana an [uncursed] food ration an [uncursed] scroll labeled VELOX NEB [of fire] an uncursed scroll of confuse monster an uncursed scroll of enchant weapon an uncursed scroll of genocide an uncursed scroll of magic mapping a blessed scroll of remove curse a blessed spellbook of force bolt an [uncursed] spellbook of magic missile 2 uncursed clear potions [of water] 2 uncursed potions of invisibility an uncursed ring of poison resistance an uncursed ring of see invisible an uncursed wand of locking (0:5) an uncursed wand of slow monster (0:7) a cursed magic lamp Spells known in the end: Name Level Category Fail Memory a - force bolt 1 attack 0% [|||||||.] b - cure sickness 3 healing 77% [|||||||.] c - magic missile 2 attack 0% [||||||||] d - haste self 3 escape 77% [||||||||] Your skills at the end: Fighting Skills Weapon Skills quarterstaff [Basic / Expert] Spellcasting Skills attack spells [Basic / Expert] enchantment spells [Basic / Skilled] Final Attributes: You were piously aligned. Hunger level was 211. Your alignment was 22 / 23. Monster difficulty range was 1 - 6. Level difficulty was 6. You were stealthy. You had slower digestion. Your luck was zero. You are dead. Vanquished creatures: a large mimic 3 small mimics a dingo 2 Uruk-hai a rock mole a kobold mummy 2 elf zombies a kitten a homunculus a giant bat 2 iguanas 2 coyotes 2 hobbits 2 giant rats 5 cave spiders a red mold 2 geckos 2 foxes 4 goblins 2 sewer rats 5 grid bugs 3 lichens a newt 47 creatures vanquished. Voluntary challenges: You were an atheist. You went without food. You used a wielded weapon 32 times. You read items or engraved 11 times. You put on armor 8 times. You never genocided any monsters. You never polymorphed an object. You never changed form. You used no wishes. You wrote Elbereth's name 2 times. You never encountered a bones level. You never used any Sokoban shortcuts. Dungeon overview: The Dungeons of Doom: levels 1 to 6 Level 1 a long staircase Level 2 a general store, a fountain Level 3 stairs to The Gnomish Mines Level 5 a weapon shop, a fountain Level 6 <- You were here The Gnomish Mines: Level 4 stairs to The Dungeons of Doom History has recorded: On T:1 you entered the Dungeons of Doom to retrieve the Amulet of Yendor! On T:220 you advanced to experience level 2. On T:259 you reached level 2 of The Dungeons of Doom. On T:534 you advanced to experience level 3. On T:972 you advanced to experience level 4. On T:1377 you reached level 3 of The Dungeons of Doom. On T:1482 you reached level 1 of The Gnomish Mines. On T:1813 you reached level 4 of The Dungeons of Doom. On T:1870 you advanced to experience level 5. On T:2161 you reached level 5 of The Dungeons of Doom. On T:2208 you advanced to experience level 6. On T:2458 you advanced to experience level 7. On T:2508 you reached level 6 of The Dungeons of Doom. Latest messages: The jaguar bites Taro. The jaguar hits! (2x) The jaguar bites! Taro bites the jaguar. The jaguar hits! (2x) The jaguar bites! [HP-23=34] Taro misses the jaguar. The jaguar hits! (2x) The jaguar bites! [HP-10=24] Taro misses the jaguar. The jaguar hits! (2x) The jaguar bites! Taro misses the jaguar. [HP-9=15] Taro misses the jaguar. The jaguar hits! (2x) The jaguar bites! Taro bites the jaguar. The jaguar misses Taro. (3x) The jaguar hits! (2x) The jaguar bites! You die... Final status: Goodbye groovejumper the Wizard... You died in The Dungeons of Doom on dungeon level 6 with 427 points, and 196 pieces of gold, after 2616 moves. You were level 7 with a maximum of 59 hit points when you died.